 Dungeon Crawl Stone Soup version 0.25-a0-869-g05d4e06a41 (webtiles) character file.

Game seed: 12108459829533005868, levelgen mode: deterministic

422760 KiliKikkendorf the Phalangite (level 23, -3/220 HPs)
             Began as a Hill Orc Gladiator on Apr 30, 2020.
             Was a High Priest of the Shining One.
             Slain by a spark wasp (12 damage)
             ... on level 1 of the Depths on May 1, 2020.
             The game lasted 05:42:11 (56614 turns).

KiliKikkendorf the Phalangite (Hill Orc Gladiator) Turns: 56614, Time: 05:42:11

Health: -3/220     AC: 37    Str: 32    XL:     23   Next: 74%
Magic:  27/27      EV:  9    Int:  8    God:    the Shining One [*****.]
Gold:   1348       SH:  0    Dex: 12    Spells: 22/22 levels left

rFire    + . .     SeeInvis .   n - +9 bardiche (holy)
rCold    . . .     Gourm    .   (shield currently unavailable)
rNeg     + + .     Faith    .   w - +0 crystal plate armour
rPois    +         Spirit   .   c - +2 helmet
rElec    .         Reflect  .   N - +2 cloak
rCorr    .         Harm     .   (no gloves)
MR       ++...     Clarity  +   K - +2 pair of boots
Stlth    ..........             v - amulet "Poawuw" {Regen+ Str+4}
HPRegen  0.86/turn              H - ring of protection from magic
MPRegen  0.20/turn              q - ring "Uryn" {rPois rF+ Str+3}

@: about to teleport, very slightly contaminated, glowing
A: clarity, low mp 1, mutation resistance 1, screaming 1, weak 1, MP-powered
wands
}: 2/15 runes: barnacled, gossamer
a: Divine Shield, Cleansing Flame, Summon Divine Warrior, Renounce Religion


You were on level 1 of the Depths.
You worshipped the Shining One.
The Shining One was extremely pleased with you.
You were not hungry.

You visited 8 branches of the dungeon, and saw 39 of its levels.
You visited the Abyss 3 times.
You also visited: Gauntlet, Ice Cave and Volcano.

You collected 3934 gold pieces.
You spent 2586 gold pieces at shops.

Inventory:

Hand Weapons
 e - a +6 battleaxe of electrocution
 n - a +9 bardiche of holy wrath (weapon)
 P - the +3 mace of the Abyss {flame, *Contam rN+ Str+5}
   (You found it on level 9 of the Dungeon)

   It has been specially enchanted to burn those struck by it, causing extra
   injury to most foes and up to half again as much damage against particularly
   susceptible opponents.
   It affects your strength (+5).
   It protects you from negative energy.
   It causes magical contamination when unequipped.
 X - the +12 glaive of Prune {vorpal}
   (You found it in an ice cave)

   It inflicts extra damage upon your enemies.
Missiles
 d - 15 throwing nets (quivered)
Armour
 a - +0 acid dragon scales
 c - a +2 helmet (worn)
 s - a +2 plate armour of cold resistance
 w - a +0 crystal plate armour (worn)
 K - a +2 pair of boots (worn)
 N - a +2 cloak (worn)
Jewellery
 h - an uncursed ring of resist corrosion
 i - an uncursed ring of positive energy
 j - the ring "Uhaekk" {rElec rF+ rC+ MR+ Dex-5}
   (You found it on level 6 of the Lair of Beasts)

   [ring of protection from fire]

   It affects your dexterity (-5).
   It protects you from fire.
   It protects you from cold.
   It insulates you from electricity.
   It affects your resistance to hostile enchantments.
 p - an uncursed amulet of harm
 q - the ring "Uryn" (right hand) {rPois rF+ Str+3}
   (You acquired it on level 6 of the Lair of Beasts)

   [ring of protection from fire]

   It affects your strength (+3).
   It protects you from fire.
   It protects you from poison.
 v - the amulet "Poawuw" (around neck) {Regen+ Str+4}
   (You found it in a Gauntlet)

   [amulet of regeneration]

   It affects your strength (+4).
   It increases your rate of regeneration.
 C - an uncursed ring of resist corrosion
 D - an uncursed ring of poison resistance
 H - a ring of protection from magic (left hand)
 O - the amulet of the Butterfly {Spirit rPois}
   (You acquired it on level 10 of the Dungeon)

   [amulet of guardian spirit]

   It causes incoming damage to be split between your health and magic.
   It protects you from poison.
 V - an uncursed ring of protection from magic
Wands
 x - a wand of digging (6)
 F - a wand of acid (18)
 I - a wand of iceblast (14)
 J - a wand of flame (16)
 M - a wand of disintegration (42)
 Q - a wand of polymorph (46)
 Z - a wand of paralysis (9)
Scrolls
 g - 19 scrolls of remove curse
 k - 2 scrolls of teleportation
 y - 6 scrolls of magic mapping
 A - 6 scrolls of immolation
 R - 7 scrolls of fear
 S - 3 scrolls of fog
 W - 6 scrolls of identify
Potions
 b - 7 potions of brilliance
 l - a potion of invisibility
 o - a potion of ambrosia
 r - 6 potions of curing
 t - a potion of magic
 z - 5 potions of flight
 B - 2 potions of stabbing
 E - 2 potions of might
 L - 4 potions of lignification
 T - 4 potions of mutation
 U - 3 potions of cancellation
 Y - 4 potions of resistance
Miscellaneous
 m - 2 boxes of beasts
 u - 2 phantom mirrors
 G - a phial of floods
Comestibles
 f - 43 rations


   Skills:
 + Level 21.1 Fighting
 - Level 15.6(24.7) Axes
 - Level 7.6(11.5) Maces & Flails
 + Level 25.8(26.6) Polearms
 - Level 1.7 Throwing
 + Level 18.4 Armour
 - Level 4.5 Dodging
 - Level 1.6 Stealth
   Level 11.7 Shields
 + Level 10.3 Invocations
 + Level 1.5 Evocations


You had 22 spell levels left.
You didn't know any spells.
Your spell library contained the following spells:

 Spells                   Type           Power        Failure   Level  Hunger
 Apportation              Tloc           #.....       99%         1    ##.....
 Beastly Appendage        Tmut           #.....       99%         1    ##.....
 Foxfire                  Conj/Fire      #...         99%         1    ##.....
 Freeze                   Ice            #...         99%         1    ##.....
 Infusion                 Chrm           #...         99%         1    ##.....
 Summon Butterflies       Summ           #.......     99%         1    ##.....
 Summon Small Mammal      Summ           #...         99%         1    ##.....
 Call Imp                 Summ           #.......     100%        2    ###....
 Passwall                 Tmut/Erth      #.......     100%        2    ###....
 Poisonous Vapours        Pois/Air       #.....       100%        2    ###....
 Shroud of Golubria       Chrm/Tloc      #.....       100%        2    ###....
 Song of Slaying          Chrm           #.......     100%        2    ###....
 Sticks to Snakes         Tmut           #.......     100%        2    ###....
 Sublimation of Blood     Necr           #.........   100%        2    ###....
 Swiftness                Chrm/Air       #.......     100%        2    ###....
 Call Canine Familiar     Summ           #.......     100%        3    ####...
 Conjure Flame            Conj/Fire      #.......     100%        3    ####...
 Frozen Ramparts          Ice            #.....       100%        3    ####...
 Ignite Poison            Fire/Tmut/Pois #.......     100%        3    ####...
 Inner Flame              Hex/Fire       #.......     100%        3    ####...
 Lesser Beckoning         Tloc           #.........   100%        3    ####...
 Mephitic Cloud           Conj/Pois/Air  #.......     100%        3    ####...
 Ozocubu's Armour         Chrm/Ice       #.......     100%        3    ####...
 Spectral Weapon          Hex/Chrm       #.......     100%        3    ####...
 Spider Form              Tmut/Pois      #.........   100%        3    ####...
 Summon Guardian Golem    Hex/Summ       #.......     100%        3    ####...
 Tukima's Dance           Hex            #.......     100%        3    ####...
 Cause Fear               Hex            #.........   100%        4    #####..
 Hailstorm                Conj/Ice       #.......     100%        4    #####..
 Ice Form                 Ice/Tmut       #.......     100%        4    #####..
 Passage of Golubria      Tloc           N/A          100%        4    #####..
 Petrify                  Tmut/Erth      #.......     100%        4    #####..
 Sticky Flame             Conj/Fire      #.......     100%        4    #####..
 Summon Ice Beast         Ice/Summ       #.......     100%        4    #####..
 Summon Lightning Spire   Summ/Air       #.......     100%        4    #####..
 Alistair's Intoxication  Tmut/Pois      #.......     100%        5    ######.
 Blade Hands              Tmut           #.........   100%        5    ######.
 Fireball                 Conj/Fire      #.........   100%        5    ######.
 Irradiate                Conj/Tmut      #.........   100%        5    ######.
 Lee's Rapid Deconstruct  Erth           #.........   100%        5    ######.
 Silence                  Hex/Air        #.........   100%        5    ######.
 Yara's Violent Unravell  Hex/Tmut       #.........   100%        5    ######.
 Conjure Ball Lightning   Conj/Air       #.........   100%        6    #######
 Darkness                 Hex            #.........   100%        6    #######
 Eringya's Noxious Bog    Tmut/Pois      #.........   100%        6    #######
 Freezing Cloud           Conj/Ice/Air   #.........   100%        6    #######
 Invisibility             Hex            #.......     100%        6    #######
 Ring of Flames           Chrm/Fire      #.........   100%        7    #######
 Summon Hydra             Summ           #.........   100%        7    #######
 Discord                  Hex            #.........   100%        8    #######
 Dragon's Call            Summ           #.........   100%        9    #######
 Tornado                  Air            #.........   100%        9    #######


Dungeon Overview and Level Annotations

Branches:
Dungeon (15/15)            Temple (0/1) D:5            Lair (6/6) D:8
 Shoals (4/4) Lair:4       Spider (4/4) Lair:2        Slime (0/5) Lair:6
    Orc (2/2) D:9             Elf (3/3) Orc:2        Vaults (4/5) D:14
  Crypt (0/3) Vaults:2     Depths (1/5) D:15          IceCv (visited)
Volcano (visited)         Gauntlet (visited)

Altars:
Ashenzari
Cheibriados
Elyvilon
Fedhas
Kikubaaqudgha
Okawaru
Qazlal
Sif Muna
Yredelemnul
Zin
The Shining One
Beogh
Jiyva

Shops:
D:9 !   D:12 %   D:13 =   D:15 }   Orc:1 (*[?   Orc:2 %(!   Elf:1 (!
Shoals:3 [   Vaults:1 (   Depths:1 *[

Portals:
Trove: D:11 (give 11 potions of heal wounds)

Annotations:
Spider:1 3 runed translucent doors, Thargor's ghost, adept GnEE


Innate Abilities, Weirdness & Mutations

You possess an exceptional clarity of mind.
Your magical capacity is low. (-10% MP)
You are somewhat resistant to further mutation.
You occasionally shout uncontrollably at your foes.
You are weak. (Str -2)
You expend magic power (3 MP) to strengthen your wands.


Message History

* * * LOW HITPOINT WARNING * * *
As you read the scroll of teleportation, it crumbles to dust.
You feel strangely unstable. The spark wasp stings you.
* * * LOW HITPOINT WARNING * * *
The spark wasp shocks you!
* * * LOW HITPOINT WARNING * * *
The spark wasp stings you!
* * * LOW HITPOINT WARNING * * *
The spark wasp shocks you!
* * * LOW HITPOINT WARNING * * *
You feel better.
The spark wasp stings you but does no damage.
You slice the spark wasp like a ripe choko!!!
The spark wasp is almost dead.
You hear a shout!
The spark wasp completely misses you.
You barely miss the spark wasp.
The spark wasp is almost dead.
The spark wasp stings you!
You die...

####.........#..(((
##.#.............(..
##.............<..(..
#....................
#....................
..
##.............####..
...####.............#
#..
#.....g#+#.#.......#
#..
#......+@+.###.....#
.. #.(###.#y###
#.##.#.≈ # #.. #..D#
#....#.≈ .. #..## ###
# . ####''####
##≈≈≈..≈≈≈##
##≈≈......≈≈##
##≈≈........≈≈#
##≈≈..........≈≈#


You could see a fire dragon and a spark wasp.

Vanquished Creatures
  Bai Suzhen (D:15)
  A lich (Abyss:2)
  The ghost of Erghig the Lord of Darkness, an adept DrIE of Kikubaaqudgha (Vaults:3)
  A deep elf blademaster (Elf:2)
  A sphinx (Vaults:2)
  4 tentacled starspawn
  A kraken (Shoals:2)
  A thorn hunter (Lair:4)
  A revenant (Abyss:3)
  3 fire giants
  3 deep elf sorcerers
  12 vault wardens
  Louise (Elf:1)
  2 frost giants
  Aizul (Spider:1)
  7 emperor scorpions
  4 ghost moths (Spider:4)
  15 ironheart preservers
  5 stone giants
  9 entropy weavers
  3 very ugly things (Vaults:1)
  A minotaur (Gauntlet)
  5 deep elf demonologists
  5 spark wasps
  A crystal guardian (Vaults:3)
  The ghost of cica the Earth Mage, a journeyman GrEE of Vehumet (D:12)
  3 merfolk javelineers (Shoals:4)
  3 deep elf death magi
  3 ettins
  2 merfolk impalers
  4 yaktaur captains
  A deep elf high priest (Elf:2)
  5 rakshasas
  11 vault guards
  3 catoblepae
  7 centaur warriors
  6 merfolk avatars
  4 hydras
  2 ice dragons
  A spectral fire giant (Vaults:3)
  33 two-headed ogres
  2 alligator snapping turtles
  3 merfolk aquamancers
  8 ogre magi
  A spectral frost giant (Vaults:3)
  20 dancing weapons
  3 satyrs
  13 death yaks
  2 deep troll shamans
  A hell hog (Gauntlet)
  6 orc high priests
  A deep troll earth mage (D:15)
  3 thrashing horrors (Abyss:3)
  A queen ant (Lair:5)
  A tengu warrior (D:15)
  Sonja (D:10)
  23 deep elf knights
  5 hell knights (Vaults:2)
  2 wretched stars
  2 shadow wraiths
  15 sea snakes
  13 deep trolls
  A sea snake (shapeshifter) (Elf:2)
  An unseen horror (Vaults:1)
  2 glowing orange brains (Vaults:4)
  4 wizards
  9 ironbrand convokers
  18 deep elf archers
  25 harpies
  A flayed ghost (Depths:1)
  9 orc knights
  3 necromancers
  70 deep elf magi
  8 orc sorcerers
  Pikel (D:4)
  20 orb spiders
  A human zombie (Vaults:1)
  29 wolf spiders
  10 fauns
  17 ugly things
  4 cyclopes
  A salamander (shapeshifter) (Vaults:2)
  A frost giant skeleton (Abyss:3)
  14 manticores
  5 moths of wrath
  A human skeleton (Vaults:1)
  12 merfolk sirens
  The ghost of kelmiir the Magician, a novice DEIE of Okawaru (D:6)
  5 elephants (Lair:2)
  10 vault sentinels
  3 black mambas
  5 water nymphs
  An apocalypse crab (Abyss:3)
  3 gargoyles
  An ice statue (Elf:2)
  2 large abominations
  A smoke demon (Abyss:3)
  An elf zombie (Vaults:1)
  7 spiny frogs
  A torpor snail (shapeshifter) (Vaults:2)
  A naga mage (D:15)
  2 torpor snails (Spider:2)
  Maggie (D:6)
  An efreet (D:14)
  2 orange demons (Abyss:4)
  2 rime drakes
  A freezing wraith (Vaults:4)
  6 komodo dragons
  12 demonic crawlers
  A spectral deep troll (Vaults:3)
  An ancient zyme (Abyss:3)
  27 yaktaurs
  A hellwing (Abyss:4)
  2 tengu conjurers
  5 trolls
  A spectral glowing shapeshifter (Vaults:3)
  3 meliai (Spider:1)
  A merfolk (shapeshifter) (D:15)
  21 polar bears
  A shadow dragon simulacrum (Vaults:3)
  28 jumping spiders
  39 merfolk
  15 hornets
  A sphinx simulacrum (Vaults:2)
  A raiju (Abyss:3)
  20 slime creatures
  28 blink frogs
  A tengu simulacrum (Vaults:3)
  4 wind drakes
  7 snapping turtles
  10 hippogriffs
  2 frost giant simulacra
  A human simulacrum (Vaults:3)
  77 redbacks
  17 spriggans
  17 water elementals
  2 spriggans (shapeshifter) (Vaults:4)
  28 tarantellas
  A centaur simulacrum (D:15)
  4 wyverns
  2 shadows
  An air elemental (Elf:1)
  An ettin skeleton (Vaults:1)
  2 tarantellas (shapeshifter)
  3 basilisks
  39 yaks
  A vampire (D:12)
  A human (D:7)
  A wraith (D:15)
  A basilisk (shapeshifter) (D:15)
  3 fire bats (Gauntlet)
  2 fire elementals (Elf:1)
  4 hogs (D:7)
  2 hungry ghosts
  A chaos spawn (Abyss:3)
  2 vampire mosquitoes (D:13)
  A yaktaur simulacrum (Vaults:2)
  24 soldier ants
  Duvessa (D:4)
  The ghost of temujin the Magician, an amateur DEFE (D:4)
  4 acid dragons
  5 wargs
  15 water moccasins
  5 porcupines
  3 hell hounds
  4 ice beasts
  4 ettin simulacra (Vaults:3)
  51 orc warriors
  7 sky beasts
  8 black bears
  3 phantoms
  32 wolves
  12 boggarts
  4 centaurs
  17 crocodiles
  30 ogres
  Blork the orc (D:4)
  14 bullfrogs
  2 wyvern zombies
  Dowan (D:4)
  A glowing shapeshifter simulacrum (Vaults:3)
  3 small abominations
  6 scorpions
  3 wights (D:14)
  3 electric eels
  4 howler monkeys
  6 crimson imps
  3 centaur zombies
  3 jellies
  3 starcursed masses (Abyss:3)
  6 hounds
  3 bullfrog skeletons
  18 orc priests
  3 centaur skeletons
  Terence (D:2)
  37 orc wizards
  3 iguanas
  18 worker ants
  3 hound skeletons
  A worker ant zombie (D:6)
  7 gnolls
  17 adders
  13 river rats
  4 shadow imps
  A white imp (Abyss:3)
  An ufetubus (Abyss:3)
  2 worms
  3 dart slugs
  6 leopard geckos
  115 orcs
  5 giant cockroaches
  5 goblins
  5 hobgoblins
  6 jackals (D:3)
  21 quokkas
  8 bats
  6 frilled lizards
  2 jackal skeletons (D:4)
  A jackal zombie (D:8)
  6 kobolds
  2 quokka zombies
  21 rats
  A starspawn tentacle (Abyss:3)
  4 tentacles (Shoals:2)
1712 creatures vanquished.

Vanquished Creatures (collateral kills)
  An Executioner (Abyss:3)
  3 deep elf sorcerers
  An ironheart preserver (Vaults:2)
  A very ugly thing (Abyss:3)
  An entropy weaver (Vaults:2)
  A deep elf death mage (Vaults:3)
  A merfolk javelineer (Shoals:4)
  2 merfolk impalers (Shoals:4)
  An ice dragon (Vaults:3)
  3 merfolk aquamancers (Shoals:4)
  A thrashing horror (Vaults:1)
  A deep elf knight (Vaults:2)
  A spatial maelstrom (Abyss:3)
  A harpy (Vaults:1)
  A starcursed mass (Abyss:3)
  An orc knight (Vaults:1)
  An apocalypse crab (Abyss:3)
  A smoke demon (Abyss:2)
  3 yaktaurs (Vaults:3)
  A hellwing (Vaults:2)
  A hornet (shapeshifter) (Vaults:1)
  A slime creature (Vaults:2)
  A snapping turtle (Shoals:4)
  A raiju (Abyss:3)
  2 redbacks (Vaults:2)
  A wraith (D:12)
  A human (Vaults:1)
  2 large abominations
  A yaktaur simulacrum (Vaults:3)
  3 orc warriors (Vaults:1)
  A bullfrog (D:12)
42 creatures vanquished.

Vanquished Creatures (others)
  A spectral frost giant (Vaults:3)
  A deep elf knight (Elf:1)
  A polar bear (IceCv)
  A redback (Spider:4)
  3 slaves (D:4)
  Robin (D:4)
  A worm (D:4)
  2 leopard geckos (D:4)
  8 goblins (D:4)
  3 hobgoblins (D:4)
  A frilled lizard (D:4)
  A briar patch (Lair:4)
  A bush (Lair:5)
  39 fungi
  A lurking horror (Abyss:3)
  55 plants
  16 starspawn tentacles (Abyss:3)
  3 tentacles (Shoals:2)
  4 withered plants (Gauntlet)
143 creatures vanquished.

Grand Total: 1897 creatures vanquished

Notes
Turn   | Place    | Note
-------+----------+-------------------------------------------
     0 | D:1      | KiliKikkendorf the Hill Orc Gladiator began the quest for
                  | the Orb.
     0 | D:1      | Reached XP level 1. HP: 18/18 MP: 1/1
   197 | D:1      | Reached skill level 1 in Armour
   225 | D:1      | Reached XP level 2. HP: 24/25 MP: 2/2
  1029 | D:2      | You fall into a shaft and drop 2 floors!
  1029 | D:4      | Found a runed translucent door.
  1047 | D:4      | Noticed a scorpion
  1057 | D:4      | Killed a scorpion
  1057 | D:4      | Reached skill level 5 in Axes
  1057 | D:4      | Reached XP level 3. HP: 30/30 MP: 3/3
  1057 | D:4      | Reached XP level 4. HP: 37/37 MP: 4/4
  1080 | D:4      | Reached XP level 5. HP: 24/45 MP: 5/5
  1554 | D:4      | Noticed Pikel
  1554 | D:4      | Noticed a slave
  1554 | D:4      | Noticed a slave
  1554 | D:4      | Noticed a slave
  1554 | D:4      | Noticed a slave
  1584 | D:4      | Killed Pikel
  1584 | D:4      | Reached XP level 6. HP: 21/52 MP: 6/6
  1584 | D:4      | Reached XP level 7. HP: 24/59 MP: 7/7
  1906 | D:2      | Noticed Terence
  1915 | D:2      | Killed Terence
  2044 | D:2      | Found a white marble altar of Elyvilon.
  2047 | D:2      | Found a shimmering blue altar of Sif Muna.
  2050 | D:2      | Found a glowing golden altar of the Shining One.
  2053 | D:2      | Found a snail-covered altar of Cheibriados.
  2059 | D:2      | Became a worshipper of the Shining One
  2436 | D:3      | Reached skill level 5 in Armour
  3228 | D:4      | Noticed Duvessa
  3229 | D:4      | Noticed Dowan
  3232 | D:4      | Killed Robin
  3246 | D:4      | Killed Duvessa
  3246 | D:4      | Reached skill level 1 in Shields
  3246 | D:4      | Reached XP level 8. HP: 57/67 MP: 8/8
  3253 | D:4      | Killed Dowan
  3984 | D:4      | Noticed Blork the orc
  3995 | D:4      | Found a runed translucent door.
  4032 | D:4      | Killed Blork the orc
  4040 | D:4      | Noticed temujin's ghost (amateur DEFE)
  4054 | D:4      | Killed temujin's ghost
  4156 | D:5      | Entered Level 5 of the Dungeon
  4227 | D:5      | Found a staircase to the Ecumenical Temple.
  4268 | D:5      | Reached skill level 10 in Axes
  4273 | D:5      | Reached skill level 5 in Fighting
  4574 | D:6      | Found a runed translucent door.
  4574 | D:6      | Noticed kelmiir's ghost (novice DEIE)
  4574 | D:6      | Reached * piety under the Shining One
  4585 | D:6      | Killed kelmiir's ghost
  4585 | D:6      | Reached XP level 9. HP: 39/74 MP: 9/9
  5092 | D:6      | Noticed Maggie
  5111 | D:6      | Killed Maggie
  5655 | D:7      | Gained mutation: Your flesh is cold resistant. (rC+)
                  | [potion of mutation]
  5655 | D:7      | Gained mutation: You are weak. (Str -2) [potion of
                  | mutation]
  5655 | D:7      | Gained mutation: You are partially covered in slimy green
                  | scales. (AC +2) [potion of mutation]
  5692 | D:7      | Reached XP level 10. HP: 91/91 MP: 9/15
  6212 | D:7      | Found an iron altar of Okawaru.
  6290 | D:7      | Found a shattered altar of Ashenzari.
  6291 | D:7      | Found a stormy altar of Qazlal.
  6291 | D:7      | Found a glowing silver altar of Zin.
  6292 | D:7      | Found a blossoming altar of Fedhas.
  6414 | D:7      | Found a stormy altar of Qazlal.
  6567 | D:8      | Noticed a two-headed ogre
  6567 | D:8      | Noticed a gargoyle
  6570 | D:8      | Reached ** piety under the Shining One
  6585 | D:7      | Killed a two-headed ogre
  6585 | D:7      | Reached XP level 11. HP: 51/97 MP: 16/16
  6748 | D:8      | Noticed a death yak
  6750 | D:8      | Noticed a death yak
  6753 | D:8      | Noticed a death yak
  6799 | D:7      | Killed a death yak
  6801 | D:7      | Killed a death yak
  6864 | D:7      | Killed a death yak
  7015 | D:8      | Found a staircase to the Lair.
  7380 | Lair:1   | Entered Level 1 of the Lair of Beasts
  7419 | Lair:1   | Reached skill level 10 in Fighting
  7677 | Lair:1   | Found a blossoming altar of Fedhas.
  7798 | Lair:1   | Reached skill level 15 in Axes
  8041 | Lair:2   | Noticed a five-headed hydra
  8288 | D:9      | Found a staircase to the Orcish Mines.
  8505 | D:9      | Reached *** piety under the Shining One
  8508 | D:9      | Reached skill level 10 in Shields
  8604 | D:9      | Found Futemev's Distillery.
  8607 | D:9      | Bought a potion of mutation for 96 gold pieces
  8607 | D:9      | Bought a potion of curing for 36 gold pieces
  8607 | D:9      | Bought a potion of heal wounds for 60 gold pieces
  8691 | D:9      | Got a transparent mace
  8693 | D:9      | Identified the +3 mace of the Abyss {flame, *Contam rN+
                  | Str+5} (You found it on level 9 of the Dungeon)
  8841 | D:9      | Reached XP level 12. HP: 107/107 MP: 17/17
  8994 | D:9      | Reached skill level 1 in Maces & Flails
  9054 | D:10     | Entered Level 10 of the Dungeon
  9181 | D:10     | Noticed Sonja
  9182 | D:10     | Identified a scroll of acquirement
  9182 | D:10     | Identified the amulet of the Butterfly {Spirit rPois} (You
                  | acquired it on level 10 of the Dungeon)
  9321 | D:10     | Killed Sonja
  9572 | D:10     | Noticed a two-headed ogre
  9589 | D:10     | Killed a two-headed ogre
 10021 | D:11     | Found a frozen archway.
 10031 | IceCv    | Entered an ice cave
 10286 | IceCv    | Reached skill level 5 in Maces & Flails
 10598 | IceCv    | Lost mutation: You are weak. (Str -2) [potion of mutation]
 10598 | IceCv    | Lost mutation: You are partially covered in slimy green
                  | scales. (AC +2) [potion of mutation]
 10598 | IceCv    | Lost mutation: Your flesh is cold resistant. (rC+) [potion
                  | of mutation]
 10598 | IceCv    | Gained mutation: You possess an exceptional clarity of
                  | mind. [potion of mutation]
 10598 | IceCv    | Lost mutation: You possess an exceptional clarity of mind.
                  | [potion of mutation]
 10598 | IceCv    | Gained mutation: You are partially covered in large bone
                  | plates. (SH +4) [potion of mutation]
 11239 | IceCv    | Noticed a frost giant
 11274 | IceCv    | Killed a frost giant
 11531 | IceCv    | Reached XP level 13. HP: 113/114 MP: 16/18
 11552 | IceCv    | Found the +12 glaive of Prune {vorpal}
 11642 | IceCv    | Gained mutation: Your magical capacity is low. (-10% MP)
                  | [mutagenic glow]
 11880 | D:11     | Noticed a vault guard
 11883 | D:11     | Killed a vault guard
 11883 | D:11     | Reached skill level 1 in Polearms
 11888 | D:11     | Found a portal to a secret trove of treasure.
 12272 | D:11     | Reached skill level 2 in Polearms
 12658 | Orc:1    | Entered Level 1 of the Orcish Mines
 12658 | Orc:1    | Found Egudis's Antique Armour Boutique.
 12669 | Orc:1    | Reached skill level 3 in Polearms
 12753 | Orc:1    | Found Sukett's General Store.
 12757 | Orc:1    | Bought a scroll of teleportation for 33 gold pieces
 12799 | Orc:1    | Found Zoug's Weapon Shop.
 12890 | Orc:1    | Found a roughly hewn altar of Beogh.
 12960 | Orc:1    | Noticed an ettin
 13002 | Orc:1    | Reached skill level 4 in Polearms
 13007 | Orc:1    | Killed an ettin
 13164 | Orc:1    | Found a roughly hewn altar of Beogh.
 13294 | Orc:1    | Reached skill level 5 in Polearms
 13649 | Orc:2    | Entered Level 2 of the Orcish Mines
 13670 | Orc:2    | Paralysed by an orc sorcerer for 4 turns
 13677 | Orc:1    | Reached skill level 6 in Polearms
 13971 | Orc:2    | Found a staircase to the Elven Halls.
 14055 | Orc:2    | Reached skill level 7 in Polearms
 14112 | Orc:2    | Found a roughly hewn altar of Beogh.
 14338 | Orc:2    | Reached **** piety under the Shining One
 14386 | Orc:2    | Reached skill level 8 in Polearms
 14400 | Orc:2    | Paralysed by an orc sorcerer for 2 turns
 14868 | Orc:2    | Reached skill level 9 in Polearms
 15044 | Orc:2    | Found Iplotu's Food Emporium.
 15044 | Orc:2    | Found Wecvuath's Distillery.
 15046 | Orc:2    | Found Ylyxut's Weapon Emporium.
 15046 | Orc:2    | Found Qesme's Armour Shop.
 15061 | Orc:2    | Bought a potion of curing for 48 gold pieces
 15061 | Orc:2    | Bought a potion of heal wounds for 80 gold pieces
 15295 | Orc:1    | Reached XP level 14. HP: 80/124 MP: 15/17
 15562 | Orc:1    | Found Vizuepn's Magic Scroll Emporium.
 15577 | Orc:1    | Bought a scroll of magic mapping for 42 gold pieces
 15828 | Lair:1   | Gained mutation: Scrolls take you a little longer to read.
                  | [mutagenic glow]
 16194 | Lair:2   | Reached skill level 10 in Polearms
 16284 | Lair:2   | Reached ***** piety under the Shining One
 16285 | Lair:2   | Found a hole to the Spider Nest.
 17092 | Lair:3   | Reached skill level 11 in Polearms
 17969 | Lair:4   | Found a staircase to the Shoals.
 18551 | Lair:4   | Noticed a thorn hunter
 18551 | Lair:4   | an oklob plant changed into a thorn hunter
 18569 | Lair:4   | Killed a thorn hunter
 18569 | Lair:4   | Reached skill level 12 in Polearms
 18625 | Lair:4   | Identified the +7 broad axe "Nobam" {freeze, MR++ Dex+2}
                  | (You acquired it on level 4 of the Lair of Beasts)
 18857 | Lair:5   | HP: 6/125 [eight-headed hydra (1)]
 18870 | Lair:5   | Reached skill level 13 in Polearms
 18947 | Lair:5   | Gained mutation: Your magical capacity is very low. (-20%
                  | MP) [mutagenic glow]
 19093 | Lair:5   | Found a dark tunnel.
 19100 | Volcano  | Entered a volcano
 19109 | Volcano  | Lost mutation: Your magical capacity is very low. (-20% MP)
                  | [potion of mutation]
 19109 | Volcano  | Gained mutation: You occasionally shout uncontrollably at
                  | your foes. [potion of mutation]
 19109 | Volcano  | Gained mutation: You are partially covered in iridescent
                  | scales. (AC +2) [potion of mutation]
 19110 | Volcano  | Lost mutation: You are partially covered in iridescent
                  | scales. (AC +2) [potion of mutation]
 19110 | Volcano  | Lost mutation: You are partially covered in large bone
                  | plates. (SH +4) [potion of mutation]
 19110 | Volcano  | Lost mutation: Scrolls take you a little longer to read.
                  | [potion of mutation]
 19110 | Volcano  | Lost mutation: Your magical capacity is low. (-10% MP)
                  | [potion of mutation]
 19110 | Volcano  | Gained mutation: You possess an exceptional clarity of
                  | mind. [potion of mutation]
 19110 | Volcano  | Gained mutation: You are weak. (Str -2) [potion of
                  | mutation]
 19110 | Volcano  | Gained mutation: You expend magic power (3 MP) to
                  | strengthen your wands. [potion of mutation]
 19110 | Volcano  | Gained mutation: You are somewhat resistant to further
                  | mutation. [potion of mutation]
 19642 | Lair:5   | Reached XP level 15. HP: 50/132 MP: 7/20
 19668 | Lair:5   | Gained mutation: Your magical capacity is low. (-10% MP)
                  | [mutagenic glow]
 19993 | Lair:5   | Reached skill level 10 in Armour
 20007 | Lair:5   | Reached skill level 14 in Polearms
 20988 | Lair:5   | Reached skill level 15 in Polearms
 21238 | Lair:6   | Entered Level 6 of the Lair of Beasts
 21521 | Lair:6   | Reached skill level 16 in Polearms
 21956 | Lair:6   | Got a slimy gossamer ring
 21965 | Lair:6   | Identified the ring "Uhaekk" {rElec rF+ rC+ MR+ Dex-5} (You
                  | found it on level 6 of the Lair of Beasts)
 21966 | Lair:6   | Identified the +0 kite shield of Insecurity {+Blink MR+}
                  | (You acquired it on level 6 of the Lair of Beasts)
 21966 | Lair:6   | Identified the ring "Uryn" {rPois rF+ Str+3} (You acquired
                  | it on level 6 of the Lair of Beasts)
 22254 | Lair:6   | Reached skill level 17 in Polearms
 22445 | Lair:6   | Found a viscous altar of Jiyva.
 22445 | Lair:6   | Found a staircase to the Slime Pits.
 22875 | D:12     | Found a runed translucent door.
 22881 | D:12     | Noticed cica's ghost (journeyman GrEE)
 22887 | D:12     | Identified the +3 spear of Termination {elec, Int+4}
 22890 | D:12     | Killed cica's ghost
 22960 | D:12     | Found Hyfuahuk's Food Emporium.
 23624 | D:13     | Reached skill level 18 in Polearms
 23730 | D:13     | Found Lionaul's Jewellery Boutique.
 24217 | D:14     | Found a gate leading to a gauntlet.
 24228 | Gauntlet | Entered a Gauntlet
 24228 | Gauntlet | Found a transporter.
 24235 | Gauntlet | Found a transporter.
 24237 | Gauntlet | Found a transporter.
 24249 | Gauntlet | Found a transporter.
 24250 | Gauntlet | Found a transporter.
 24259 | Gauntlet | Found a transporter.
 24276 | Gauntlet | Found a transporter.
 24286 | Gauntlet | Found a transporter.
 24295 | Gauntlet | Found a runed translucent gate.
 24296 | Gauntlet | Found a transporter.
 24296 | Gauntlet | Found a runed translucent gate.
 24297 | Gauntlet | Found a runed translucent gate.
 24298 | Gauntlet | Reached ****** piety under the Shining One
 24300 | Gauntlet | Found a transporter.
 24300 | Gauntlet | Found a transporter.
 24302 | Gauntlet | Found a transporter.
 24336 | Gauntlet | Found a transporter.
 24447 | Gauntlet | Got a pair of slimy gloves
 24453 | Gauntlet | Identified the cursed +0 pair of gloves of Negation {Int+5
                  | Dex-5} (You found it in a Gauntlet)
 24461 | Gauntlet | Found a runed translucent door.
 24512 | Gauntlet | Found a transporter.
 24585 | Gauntlet | Reached XP level 16. HP: 122/141 MP: 17/19
 24611 | Gauntlet | Got a transparent ring mail
 24622 | Gauntlet | Identified the +3 ring mail "Uxeguim" {Dex+3} (You found it
                  | in a Gauntlet)
 24629 | Gauntlet | Got a translucent copper amulet
 24631 | Gauntlet | Identified the amulet "Poawuw" {Regen+ Str+4} (You found it
                  | in a Gauntlet)
 25102 | D:14     | Found a gate to the Vaults.
 25616 | D:15     | Entered Level 15 of the Dungeon
 26350 | D:15     | Reached skill level 19 in Polearms
 26550 | D:15     | Found Rooddyuf's Gadget Emporium.
 26724 | D:15     | Found a staircase to the Depths.
 26928 | D:15     | Identified a +5 bardiche of holy wrath (a +3 bardiche of
                  | venom blessed by the Shining One)
 26928 | D:15     | Received a gift from the Shining One
 26996 | Depths:1 | Entered Level 1 of the Depths
 26996 | Depths:1 | Found Huakleb's Armour Boutique.
 27232 | D:15     | HP: 2/144 [deep troll (19)]
 27607 | Depths:1 | Noticed Bai Suzhen
 28178 | Spider:1 | Entered Level 1 of the Spider Nest
 28335 | Spider:1 | Found a runed translucent gate.
 28335 | Spider:1 | Found a runed translucent gate.
 28336 | Spider:1 | Found a runed translucent gate.
 28337 | Spider:1 | Noticed Thargor's ghost (adept GnEE)
 29236 | Spider:2 | Noticed Aizul
 29805 | Spider:1 | Killed Aizul
 30308 | Spider:2 | Got a twisted war axe
 30309 | Spider:2 | Identified the +4 war axe of Boniostrell {protect, rElec}
                  | (You found it on level 2 of the Spider Nest)
 30322 | Spider:2 | Reached XP level 17. HP: 84/150 MP: 17/20
 30784 | Spider:2 | Reached skill level 20 in Polearms
 31022 | Spider:2 | Got a polished leather armour
 31023 | Spider:2 | Identified the cursed +1 leather armour of Wasted Space
                  | {rN+ Int+3} (You found it on level 2 of the Spider Nest)
 33472 | Spider:4 | Entered Level 4 of the Spider Nest
 35401 | Spider:4 | Got a gossamer rune of Zot
 35438 | Spider:4 | Reached XP level 18. HP: 112/161 MP: 0/21
 36716 | Vaults:1 | Entered Level 1 of the Vaults
 36779 | Vaults:1 | Reached skill level 15 in Armour
 36823 | Vaults:1 | Reached skill level 21 in Polearms
 36827 | Vaults:1 | Reached skill level 15 in Fighting
 37456 | Vaults:1 | Cast into level 3 of the Abyss (a deep elf sorcerer)
 37511 | Abyss:3  | Paralysed by you for 4 turns
 37522 | Abyss:3  | Paralysed by you for 2 turns
 37985 | Abyss:4  | Found a corrupted altar of Lugonu.
 38077 | Vaults:1 | Escaped the Abyss
 38697 | Vaults:1 | HP: 5/163 [harpy (5)]
 38697 | Vaults:1 | The Shining One protects you from harm!
 38697 | Vaults:1 | HP: 2/163 [harpy (3)]
 38852 | Vaults:1 | HP: 8/163 [ironheart preserver/+0 mace[a vault warden] (3)]
 39667 | Vaults:1 | Found Konite's Weapon Boutique.
 39728 | Vaults:1 | Reached skill level 22 in Polearms
 39728 | Vaults:1 | Reached XP level 19. HP: 137/172 MP: 22/22
 41370 | Vaults:2 | Cast into level 2 of the Abyss (hell knight)
 41371 | Abyss:2  | Found a corrupted altar of Lugonu.
 41438 | Abyss:2  | Noticed a lich
 41459 | Abyss:2  | Upgraded the game from 0.25-a0-865-gd392131cc7 to
                  | 0.25-a0-869-g05d4e06a41
 41461 | Abyss:2  | Killed a lich
 41673 | Abyss:3  | Reached skill level 23 in Polearms
 41724 | Vaults:2 | Escaped the Abyss
 41726 | Vaults:2 | HP: 7/172 [hell knight/+1 demon trident of distortion (14)]
 42740 | Vaults:2 | Found a staircase to the Crypt.
 42740 | Vaults:2 | Found an ancient bone altar of Kikubaaqudgha.
 42741 | Vaults:2 | Found a basalt altar of Yredelemnul.
 43254 | Vaults:3 | Reached skill level 1 in Stealth
 43290 | Vaults:3 | Reached XP level 20. HP: 182/182 MP: 23/23
 43872 | Vaults:3 | Found a runed translucent gate.
 43872 | Vaults:3 | Found a runed translucent gate.
 43874 | Vaults:3 | Found a runed translucent gate.
 43877 | Vaults:3 | Noticed Erghig's ghost (adept DrIE)
 44605 | Vaults:3 | Reached skill level 1 in Evocations
 45407 | Vaults:3 | Killed Erghig's ghost
 45877 | Vaults:4 | Reached skill level 24 in Polearms
 46886 | Vaults:4 | Reached XP level 21. HP: 186/194 MP: 25/25
 48033 | D:9      | Bought a potion of resistance for 120 gold pieces
 48033 | D:9      | Bought a potion of curing for 36 gold pieces
 48180 | Elf:1    | Entered Level 1 of the Elven Halls
 48192 | Elf:1    | Noticed Louise
 48213 | Elf:1    | Killed Louise
 48409 | Elf:1    | Found Qaupauv's Antique Weapon Emporium.
 48426 | Elf:1    | Found Qunol's Distillery.
 48432 | Elf:1    | Bought a potion of curing for 57 gold pieces
 48432 | Elf:1    | Bought a potion of curing for 57 gold pieces
 48432 | Elf:1    | Bought a potion of ambrosia for 152 gold pieces
 48583 | Elf:1    | Identified the Handbook of Creation
 49528 | Elf:2    | Found a runed translucent gate.
 49528 | Elf:2    | Found a runed translucent gate.
 49530 | Elf:2    | Found a runed translucent gate.
 50099 | Elf:2    | Found a shimmering blue altar of Sif Muna.
 50697 | Elf:2    | Cast into level 3 of the Abyss (+5 flail of distortion)
 50701 | Abyss:3  | Found a corrupted altar of Lugonu.
 50711 | Abyss:3  | Reached skill level 25 in Polearms
 50749 | Elf:2    | Escaped the Abyss
 51127 | Elf:3    | Entered Level 3 of the Elven Halls
 51309 | Orc:2    | Bought a ration for 65 gold pieces
 51309 | Orc:2    | Bought a ration for 65 gold pieces
 51309 | Orc:2    | Bought a ration for 65 gold pieces
 51315 | Orc:2    | Bought a potion of ambrosia for 128 gold pieces
 51651 | D:9      | Bought a potion of invisibility for 96 gold pieces
 51858 | Shoals:1 | Entered Level 1 of the Shoals
 51886 | Shoals:1 | Reached XP level 22. HP: 132/209 MP: 25/25
 51993 | Shoals:1 | Reached XP level 23. HP: 215/215 MP: 25/27
 53869 | Shoals:3 | Found Ileic's Antique Armour Shop.
 54213 | Shoals:3 | Got a fine chain mail
 54214 | Shoals:3 | Identified the +0 chain mail of Absence {Int+2} (You found
                  | it on level 3 of the Shoals)
 54330 | Shoals:4 | Entered Level 4 of the Shoals
 55811 | Shoals:4 | Got a barnacled rune of Zot
 56285 | Depths:1 | Bought a +0 crystal plate armour for 1280 gold pieces
 56298 | D:15     | Reached skill level 10 in Invocations
 56379 | Depths:1 | Found Xextec's General Store.
 56382 | Depths:1 | Bought a scroll of magic mapping for 70 gold pieces
 56412 | D:15     | Identified the -5 tower shield of Grace {rN++ Dex+2}
 56481 | D:15     | Killed Bai Suzhen
 56611 | Depths:1 | HP: 1/220 [spark wasp (12)]
 56614 | Depths:1 | Slain by a spark wasp

Levels and vault maps discovered:
D:1:      psy_arrival_whirlpool, layout_basic
D:2:      layout_basic, grunt_temple_overflow_cloverleaf, uniq_terence
D:3:      layout_loops_ring, chequers_garden
D:4:      layout_loops_corners, ebering_ghost_sewer_f, uniq_duvessa,
          uniq_blork_the_orc, uniq_pikel, uniq_robin
D:5:      layout_rooms, minmay_temple_entry_antechambers, first_ration,
          minivault_1
D:6:      lemuel_ratsnest, layout_loops_cross, gammafunk_ghost_grave,
          uniq_maggie
D:7:      layout_loops_corners, okawaru_gym_becter,
          chequers_temple_overflow_statue_of_worship, basic_altar,
          grunt_livestock, minmay_hedge_maze
D:8:      layout_rooms, dpeg_lair_monsters
D:9:      layout_basic, david_orc_2, serial_shops, nicolae_shop_behind_doors,
          nicolae_wand_duel
D:10:     layout_cross, serial_park, uniq_sonja
D:11:     layout_gridville, portal_ice_cave_entry_pillars_2, enter_trove_5
D:12:     layout_cave_pools, ebering_ghost_funeral_grove, serial_shops, shop,
          patterned_corridor
D:13:     layout_irregular_city, serial_shops,
          nicolae_shop_competitors_out_of_business
D:14:     layout_gridville, david_vaults_2, gauntlet_entry_generic
D:15:     grunt_enter_depths_magical_seal, layout_stronghold, serial_shops,
          shop, grunt_decor_one_mirror, nrook_pool_corridor
Lair:1:   layout_chaotic_city, basic_altar
Lair:2:   layout_regular_city, spider_nest_entry_a, serial_bayou_pond_d
Lair:3:   layout_regular_city
Lair:4:   layout_cave_shapes, elwin_shoals_entry_rooms
Lair:5:   minmay_lair_venomous_thicket, layout_cellular_growth, enter_volcano_3,
          zaba_antful_of_joy
Lair:6:   minmay_lair_end_enchanted_forest, layout_cave_pods, slime_altar_1,
          grunt_megastairs_4
Shoals:1: layout_shoals
Shoals:2: layout_shoals
Shoals:3: nzn_motion_control, layout_shoals, serial_shops, shop
Shoals:4: shoals_end_grunt_ice, layout_shoals
Spider:1: layout_chambers, gammafunk_ghost_split
Spider:2: layout_spider_delve, nicolae_spider_webs_and_nodes, drop_trap,
          uniq_aizul
Spider:3: layout_spider_delve
Spider:4: spider_rune_water
Orc:1:    nicolae_orc_accident_2, layout_diamond_mine, basic_altar,
          serial_shops, shop, shop, shop_fountains, shop_fountains
Orc:2:    grunt_orc_tribal_feast, layout_caves, mines1_david
Elf:1:    eino_elf_arrival_the_gate, layout_gridlike, minmay_elf_demonology,
          minmay_shoptagon, uniq_louise
Elf:2:    layout_geoelf_octagon, guppyfry_elf_altar
Elf:3:    minmay_elf_hall_curves, layout_loops_corners, serial_shops, shop,
          nicolae_elf_glass_and_crystal_pillar_1, lemuel_blue_sif_altar,
          minmay_shop_star
Vaults:1: nicolae_vaults_stairing_the_circle,
          nicolae_vaults_windows_and_doors_thing, grunt_vaults_swirl,
          dpeg_vaults_monster_row, nicolae_vaults_holding_cells,
          ontoclasm_vaults_ring_square, hangedman_vaults_stagger,
          ontoclasm_vaults_idyll, v_misc_16, nicolae_vaults_network_barrier,
          layout_vaults_big_room, serial_shops, shop
Vaults:2: v_pattern_2, minmay_crypt_entry_necro_gods, v_rooms_2, v_rooms_4,
          v_misc_26, v_misc_8, ontoclasm_vaults_gallery, vaults_dpeg_ring,
          vaults_room_corners, layout_vaults_omnigrid, serial_shops,
          bzr_entry_safe
Vaults:3: gammafunk_vaults_ghost_necromancy, v_alt_pattern_3,
          nicolae_vaults_network_s, v_pattern_4, hangedman_vaults_slither,
          grunt_vaults_twisty, v_misc_13, nicolae_vaults_branching_niches,
          vaults_room_fancy_cross, nicolae_vaults_circle_grid_b,
          layout_vaults_maze
Vaults:4: hangedman_vaults_maws, vaults_mumra_chevron_long, grunt_vaults_focal,
          hangedman_vaults_hat, ontoclasm_vaults_decontamination,
          hangedman_vaults_stretched_pinwheel, ontoclasm_vaults_idyll,
          vaults_dpeg_encased_lava, nicolae_vaults_border_crossing,
          vaults_room_hallway, ontoclasm_vaults_hangar,
          hangedman_vaults_restitches, hangedman_vaults_trim,
          grunt_vaults_funnel, layout_vaults_ring
Depths:1: minmay_bloctagon_deflated, layout_cave_shapes, enter_ziggurat_f,
          abyss_entry_crystal, hell_entry, serial_shops,
          nicolae_shop_behind_doors, nicolae_shop_waterfront, shop,
          nicolae_shop_stone, kennysheep_mini, minmay_holes,
          chequers_serial_rivers_small_3, nicolae_alphabet_shops,
          chequers_serial_rivers_large_a, kennysheep_big_empty_room,
          corexii_leaking_fountain, uniq_bai_suzhen

Skill      XL: |  1  2  3  4  5  6  7  8  9 10 11 12 13 14 15 16 17 18 19 20 21 22 23 |
---------------+----------------------------------------------------------------------+-----
Armour         | 1 2 4 5 6 7 9 11 12 14 16 17 18 | 18.4
Axes           | 5 7 8 10 13 14 15 | 15.6
Fighting       | 3 4 5 9 10 11 12 13 14 15 16 18 19 21 | 21.1
Dodging        | 3 4 |  4.5
Shields        | 1 3 7 8 10 11 | 11.7
Invocations    | 7 8 9 10 | 10.3
Maces & Flails | 7 |  7.6
Polearms       | 9 13 18 19 20 22 23 24 25 | 25.8
Stealth        | 1 |  1.6
Evocations     | 1 |  1.5
Throwing       | |  1.7

Action                   |  1- 3 |  4- 6 |  7- 9 | 10-12 | 13-15 | 16-18 | 19-21 | 22-24 || total
-------------------------+-------+-------+-------+-------+-------+-------+-------+-------++-------
Melee: War axe           |    38 |    81 |   387 |   370 |       |       |       |       ||   876
       Mace              |       |       |       |   384 |    48 |       |       |    10 ||   442
       Glaive            |       |       |       |       |  1063 |   938 |   854 |   462 ||  3317
       Battleaxe         |       |       |       |       |       |     6 |       |       ||     6
       Bardiche          |       |       |       |       |       |   226 |   326 |    64 ||   616
Throw: Throwing net      |       |       |     1 |     2 |       |       |       |     1 ||     4
Invok: Divine Shield     |       |       |       |     9 |     2 |       |       |       ||    11
       Brand Weapon With |       |       |       |       |       |     1 |       |       ||     1
       Summon Divine War |       |       |       |       |       |     2 |    10 |     7 ||    19
Evoke: Wand              |       |       |       |     2 |     6 |     4 |    11 |       ||    23
       Box of beasts     |       |       |       |       |       |     1 |       |       ||     1
  Use: Scroll            |     6 |     1 |     7 |    14 |    17 |    28 |    12 |     5 ||    90
       Potion            |     2 |     1 |     9 |    10 |    13 |     8 |     1 |     4 ||    48
  Eat: Chunk             |       |     2 |    10 |    10 |    20 |     7 |    17 |    10 ||    76
       Ration            |       |       |     1 |     3 |     7 |    12 |     8 |     2 ||    33
Armor: Chain mail        |    35 |    35 |    14 |       |       |       |       |       ||    84
       Scale mail        |       |       |   139 |    60 |    44 |       |       |       ||   243
       Plate armour      |       |       |       |   225 |   548 |  1143 |   449 |   338 ||  2703
       Acid dragon scale |       |       |       |       |       |    95 |    10 |       ||   105
       Crystal plate arm |       |       |       |       |       |       |       |    47 ||    47
Dodge: Dodged            |    14 |    30 |   144 |   154 |   319 |   712 |   330 |   247 ||  1950
Block: Kite shield       |       |       |   104 |     1 |       |       |       |       ||   105
       Tower shield      |       |       |       |   791 |    13 |       |       |       ||   804
       Other             |       |       |       |       |   107 |       |       |       ||   107

Table legend:
 A = Non-vault XP
 B = Vault XP
 C = Vault XP percentage of total XP
 D = Non-vault monster count
 E = Vault monster count
 F = Vault count percentage of total count
                 A         B        C        D         E       F
            +---------+---------+-------+---------+---------+-------
      Total |  431356 |  251346 |  36.8 |    1209 |     541 |  30.9
            +---------+---------+-------+---------+---------+-------
        D:1 |      17 |       0 |   0.0 |      12 |       0 |   0.0
        D:2 |      38 |      36 |  48.6 |      16 |       1 |   5.9
        D:3 |     270 |       0 |   0.0 |      34 |       0 |   0.0
        D:4 |     287 |    1055 |  78.6 |      24 |       7 |  22.6
        D:5 |     257 |       0 |   0.0 |      13 |       0 |   0.0
        D:6 |     711 |    1124 |  61.3 |      18 |      32 |  64.0
        D:7 |    1458 |    3610 |  71.2 |      13 |       8 |  38.1
        D:8 |    1343 |     188 |  12.3 |      25 |       8 |  24.2
        D:9 |    3505 |     284 |   7.5 |      39 |       7 |  15.2
       D:10 |    1552 |     827 |  34.8 |      13 |       1 |   7.1
       D:11 |    3739 |     958 |  20.4 |      21 |       1 |   4.5
       D:12 |    3760 |    2127 |  36.1 |      20 |       5 |  20.0
       D:13 |    3647 |       0 |   0.0 |      21 |       0 |   0.0
       D:14 |    7016 |    2692 |  27.7 |      26 |       3 |  10.3
       D:15 |   15725 |    7729 |  33.0 |      31 |       9 |  22.5
     Lair:1 |    2923 |       0 |   0.0 |      10 |       0 |   0.0
     Lair:2 |    4536 |     560 |  11.0 |      13 |       2 |  13.3
     Lair:3 |    6485 |       0 |   0.0 |      22 |       0 |   0.0
     Lair:4 |    5727 |    1048 |  15.5 |      19 |       3 |  13.6
     Lair:5 |   13810 |   11619 |  45.7 |      40 |      58 |  59.2
     Lair:6 |    6933 |    9205 |  57.0 |      24 |      49 |  67.1
   Shoals:1 |   26225 |       0 |   0.0 |      49 |       0 |   0.0
   Shoals:2 |   14624 |       0 |   0.0 |      27 |       0 |   0.0
   Shoals:3 |   11383 |    3998 |  26.0 |      27 |       6 |  18.2
   Shoals:4 |   12619 |   16367 |  56.5 |      26 |      27 |  50.9
   Spider:1 |   19480 |    1676 |   7.9 |      55 |       1 |   1.8
   Spider:2 |   23498 |       0 |   0.0 |      57 |       0 |   0.0
   Spider:3 |   13267 |       0 |   0.0 |      33 |       0 |   0.0
   Spider:4 |   11288 |   23016 |  67.1 |      30 |      40 |  57.1
      Orc:1 |    8143 |     664 |   7.5 |      70 |       5 |   6.7
      Orc:2 |    2445 |    7788 |  76.1 |      39 |      30 |  43.5
      Elf:1 |   24310 |   10074 |  29.3 |      43 |      15 |  25.9
      Elf:2 |   20373 |   29419 |  59.1 |      30 |      37 |  55.2
      Elf:3 |    1366 |       0 |   0.0 |       3 |       0 |   0.0
   Vaults:1 |   34139 |   32647 |  48.9 |      70 |      42 |  37.5
   Vaults:2 |   33291 |   16995 |  33.8 |      59 |      28 |  32.2
   Vaults:3 |   40411 |   25285 |  38.5 |      58 |      40 |  40.8
   Vaults:4 |   24160 |   18579 |  43.5 |      35 |      23 |  39.7
   Depths:1 |    4749 |       0 |   0.0 |       7 |       0 |   0.0
    Abyss:2 |    7013 |       0 |   0.0 |       7 |       0 |   0.0
    Abyss:3 |   13639 |    7040 |  34.0 |      26 |       5 |  16.1
    Abyss:4 |    1194 |       0 |   0.0 |       4 |       0 |   0.0
      IceCv |       0 |    9405 | 100.0 |       0 |      34 | 100.0
   Gauntlet |       0 |    5331 | 100.0 |       0 |      14 | 100.0
            +---------+---------+-------+---------+---------+-------
